 Dungeon Crawl Stone Soup version 0.17-a0-1678-g710b578 (webtiles) character file.

496 Skarn the Skirmisher (level 6, -2/57 HPs)
             Began as a Minotaur Fighter on Aug 18, 2015.
             Slain by a centaur (4 damage)
             ... on level 5 of the Dungeon.
             The game lasted 00:22:01 (1878 turns).

Skarn the Skirmisher (Minotaur Fighter)             Turns: 1878, Time: 00:22:01

Health: -2/57      AC:  7    Str: 23    XL:     6   Next: 93%
Magic:  5/5        EV:  9    Int:  5    God:
Gold:   206        SH: 10    Dex:  9    Spells: 0 memorised, 5 levels left

rFire  . . .     SeeInvis .     K - +3 war axe
rCold  . . .     Clarity  .     b - +0 scale mail
rNeg   . . .     SustAt   .     c - +0 shield
rPois  .         Gourm    .     (helmet restricted)
rElec  .         Spirit   .     (no cloak)
rCorr  .         Warding  .     (no gloves)
rMut   .         Stasis   .     (no boots)
MR     .....                    (no amulet)
Stlth  ..........               (no ring)
                                (no ring)

@: not resistant to hostile enchantments, extremely unstealthy
A: retaliatory headbutt, horns 2
a: no special abilities


You were on level 5 of the Dungeon.
You were not hungry.

You visited 1 branch of the dungeon, and saw 5 of its levels.

You collected 206 gold pieces.

Inventory:

Hand weapons
 a - a +0 long sword
 r - a +2 short sword of freezing
 B - a +0 falchion
 K - a +3 war axe (weapon)
Missiles
 j - 23 bolts
 n - 15 sling bullets
 p - 11 exploding sling bullets
 t - 11 sling bullets of flame
 x - 34 stones
 C - 3 tomahawks of returning (quivered)
Armour
 b - a +0 scale mail (worn)
 c - a +0 shield (worn)
 y - a +0 buckler
 A - a +0 cloak
 D - a +0 robe
Magical staves
 h - an uncursed staff of power
Scrolls
 i - a scroll of identify {unknown}
 k - a scroll of enchant armour {unknown}
 l - 2 scrolls of teleportation {unknown}
 q - a scroll of fear {unknown}
 v - 4 scrolls of remove curse {unknown}
 E - a scroll of immolation {unknown}
 F - a scroll of amnesia {unknown}
 J - a scroll of random uselessness {unknown}
Potions
 d - 2 potions of might
 g - a potion of invisibility
 o - a potion of haste {unknown}
 s - a potion of cancellation {unknown}
 u - a potion of agility {unknown}
 z - 2 potions of brilliance {unknown}
 G - a potion of poison {unknown}
 H - 2 potions of mutation {unknown}
 I - a potion of lignification {unknown}
Comestibles
 e - a bread ration
 f - 3 meat rations
 w - 3 fruits


   Skills:
 + Level 5.7 Fighting
 + Level 0.7(2.4) Short Blades
 + Level 4.2 Long Blades
 + Level 0.2 Axes
 + Level 0.2 Throwing
 + Level 5.1 Armour
 + Level 2.6 Dodging
 + Level 0.1 Stealth
 + Level 5.4 Shields


You had 5 spell levels left.
You didn't know any spells.

Dungeon Overview and Level Annotations

Branches:
Dungeon (5/15)
 Temple: D:4-7

Altars:
Ashenzari
Cheibriados
Vehumet


Innate Abilities, Weirdness & Mutations

You reflexively headbutt those who attack you in melee.
You have a pair of horns on your head.


Message History

The centaur is heavily wounded.
You hit the orc.
The orc is moderately wounded.
The centaur hits you!
* * * LOW HITPOINT WARNING * * *
You block the orc's attack.
The orc wizard hits you but does no damage.
The centaur hits you.
* * * LOW HITPOINT WARNING * * *
The orc hits you but does no damage.
An orc wizard comes into view. It is wielding a dagger.
You closely miss the orc wizard. You slash the orc!
You kill the orc!
You completely miss the centaur.
The centaur is heavily wounded.
You hit the orc.
The orc is severely wounded.
You block the centaur's attack. You block the orc wizard's attack.
The centaur hits you.
You die...

#.....+...+..........
#.....#)###..#.#.#.#.
#.........c..........
#................#...
+....o...........#...
#...o............####
. #..o......>......#
....###o#####'#......+
.......c@o....#......#
.........)....#......#
..............+......#
....##...##...#......#
.... ##### ...# ?..
..# .# ... ...


You could see a centaur, 2 orc wizards and an orc.

Vanquished Creatures
  A centaur (D:5)
  A hound (D:4)
  A centaur skeleton (D:4)
  An iguana (D:4)
  3 worker ants (D:4)
  Natasha (D:4)
  2 orc wizards (D:3)
  3 gnolls (D:4)
  6 adders
  2 oozes
  An adder skeleton (D:5)
  3 worms
  A giant gecko (D:2)
  9 orcs
  4 giant cockroaches
  4 goblins
  6 hobgoblins
  2 quokkas
  6 bats
  5 giant newts
  7 jackals (D:3)
  2 kobolds
  9 rats
80 creatures vanquished.

Notes
Turn   | Place    | Note
--------------------------------------------------------------
     0 | D:1      | Skarn the Minotaur Fighter began the quest for the Orb.
     0 | D:1      | Reached XP level 1. HP: 19/19 MP: 0/0
    61 | D:2      | Reached skill level 4 in Fighting
    61 | D:2      | Reached XP level 2. HP: 25/27 MP: 1/1
   173 | D:2      | Reached XP level 3. HP: 21/34 MP: 2/2
   194 | D:2      | Found a snail-covered altar of Cheibriados.
   395 | D:2      | Found a radiant altar of Vehumet.
   673 | D:2      | Reached XP level 4. HP: 41/41 MP: 3/3
   854 | D:3      | Reached skill level 1 in Dodging
   904 | D:3      | Reached XP level 5. HP: 42/47 MP: 4/4
  1067 | D:3      | Reached skill level 5 in Fighting
  1300 | D:4      | Reached skill level 5 in Shields
  1466 | D:4      | Found a shattered altar of Ashenzari.
  1527 | D:4      | Reached XP level 6. HP: 38/56 MP: 5/5
  1653 | D:4      | Noticed Natasha
  1670 | D:4      | Killed Natasha
  1747 | D:4      | Reached skill level 5 in Armour
  1822 | D:5      | Entered Level 5 of the Dungeon
  1877 | D:5      | HP: 2/56 [centaur (3)]
  1878 | D:5      | Slain by a centaur

Vault maps used:
D:1:      lightli_arrival_chessboard, st_stairs_12, minmay_cupped
D:2:      nicolae_overflow_crystal_walls, nicolae_overflow_hidden_temple
D:4:      ashenzari_conservatory_becter, temple_green, uniq_natasha
D:5:      overflow_temple_1_default, serial_co_window_serial,
          co_window_corner_a, co_window_paths_a, co_window_corner_a,
          co_window_corner_a, co_window_paths_b, co_window_of_opportunity_b,
          co_window_unsneaky_path_a, co_window_unsneaky_path_e,
          co_window_paths_d, co_window_sun, glass_columns_c, glass_columns_b,
          glass_columns_c, glass_columns_b, first_bread,
          kennysheep_generic_room_3, uniq_blork_the_orc

Action                   |  1- 3 |  4- 6 || total
-------------------------+-------+-------++-------
Melee: Long sword        |    64 |       ||    64
       Short sword       |    25 |    35 ||    60
       Falchion          |       |    70 ||    70
       War axe           |       |    49 ||    49
Throw: Tomahawk          |       |     2 ||     2
  Use: Potion            |       |     3 ||     3
  Eat: Meat ration       |       |     1 ||     1
       Fruit             |       |     1 ||     1
